 Dungeon Sprint DCSS version 0.22-a0-69-g116c2a8 (webtiles) character file.

63 Kidiri the Insei (level 3, -2/30 HPs)
             Began as a Draconian Transmuter on Jan 11, 2018.
             Slain by a phantom (10 damage)
             ... in the Dungeon (Sprint IX: "|||||||||||||||||||||||||||||").
             The game lasted 00:01:36 (171 turns).

Kidiri the Insei (Draconian Transmuter)              Turns: 171, Time: 00:01:36

Health: -2/30      AC:  5    Str: 12    XL:     3   Next: 87%
Magic:  8/8        EV: 13    Int: 13    God:
Gold:   0          SH:  0    Dex: 12    Spells: 8/9 levels left

rFire    . . .     SeeInvis .     - Unarmed
rCold    . . .     Gourm    .   (no shield)
rNeg     . . .     Faith    .   (armour unavailable)
rPois    .         Spirit   .   (helmet restricted)
rElec    .         Reflect  .   (no cloak)
rCorr    .         Harm     .   (no gloves)
MR       .....     NoTele   +   (no boots)
Stlth    +.........             (no amulet)
HPRegen  0.10/turn              (no ring)
MPRegen  0.11/turn              (no ring)

@: berserk cooldown
A: unfitting armour, cold-blooded, AC +5
a: no special abilities


You were in the Dungeon.
You were not hungry.

You visited 1 branch

Inventory:

Missiles
 a - 12 arrows
Scrolls
 i - a scroll of blinking
Potions
 f - a potion of haste
 g - 2 potions of magic
Books
 b - a book of Changes

   Spells                             Type                      Level
   a - Beastly Appendage              Transmutation                1
   b - Sticks to Snakes               Transmutation                2
   c - Spider Form                    Transmutation/Poison         3
   d - Ice Form                       Ice/Transmutation            4
   e - Blade Hands                    Transmutation                5
Comestibles
 c - a ration
 d - 3 inedible chunks of flesh
 j - 5 chunks of flesh


   Skills:
 + Level 2.9 Fighting
 * Level 3.9 Dodging
 * Level 4.8 Unarmed Combat
 * Level 3.9 Spellcasting
 + Level 3.2 Transmutations


You had 8 spell levels left.
You knew the following spells:

 Your Spells              Type           Power        Failure   Level  Hunger
a - Beastly Appendage     Tmut           ##....       5%          1    None


Dungeon Overview and Level Annotations

Branches:
Dungeon (1/1)

Altars:


Innate Abilities, Weirdness & Mutations

Your plain brown scales are hard. (AC +5)
You cannot fit into any form of body armour.
You are cold-blooded and may be slowed by cold attacks.


Message History

You barely miss the phantom.
The phantom is severely damaged.
The phantom hits you!
* * * LOW HITPOINT WARNING * * *
You barely miss the phantom.
The phantom is severely damaged.
The phantom closely misses you.
You barely miss the phantom.
Your tail-slap misses the phantom.
The phantom is severely damaged.
The phantom blinks!
You hit the phantom.
The phantom is severely damaged.
The phantom hits you but does no damage.
You closely miss the phantom. Your punch misses the phantom.
The phantom is severely damaged.
The phantom closely misses you.
You punch the phantom! You tail-slap the phantom.
The phantom is almost destroyed.
The phantom hits you!
You die... ▓▓▓▓▓▓▓▓▓▓▓▓▓▓▓▓▓▓ +....)+.....W@..<▓ ▓▓▓▓▓▓▓▓▓▓▓▓▓▓▓▓▓▓

You could see a phantom.

Vanquished Creatures
  A scorpion (D)
  An ooze (D)
  A leopard gecko (D)
  An orc (D)
  A goblin (D)
  A hobgoblin (D)
  A frilled lizard (D)
  A kobold (D)
  A rat (D)
9 creatures vanquished.

Notes
Turn   | Place    | Note
-------+----------+-------------------------------------------
     0 | D        | Kidiri the Draconian Transmuter began the quest for the Orb.
     0 | D        | Reached XP level 1. HP: 16/16 MP: 3/3
   113 | D        | Noticed a phantom
   113 | D        | Noticed a scorpion
   121 | D        | Killed a scorpion
   121 | D        | Reached skill level 4 in Unarmed Combat
   121 | D        | Reached XP level 2. HP: 23/25 MP: 3/6
   121 | D        | Reached XP level 3. HP: 28/30 MP: 4/8
   171 | D        | Slain by a phantom

Vault maps used:
D:        linesprint

Skill      XL: |  1 |
---------------+----+-----
Dodging        | 3 |  3.9
Fighting       | 2 |  2.9
Unarmed Combat | 4 |  4.8
Spellcasting   | 3 |  3.9
Transmutations | 3 |  3.2

Action                   || total
-------------------------++-------
Melee: Unarmed           ||    45
       Kick              ||     2
       Headbutt          ||     3
       Tailslap          ||     3
 Cast: Beastly Appendage ||     4
  Use: Potion            ||     3
Armor: Skin              ||     5
Dodge: Dodged            ||    14

Table legend:
 A = Spawn XP
 B = Non-spawn XP
 C = Spawn XP percentage of total XP
 D = Spawn monster count
 E = Non-spawn monster count
 F = Spawn count percentage of total count
 G = Total turns spent on level
                    A         B        C        D         E        F      G
               +---------+---------+-------+---------+---------+-------+---------
         Total |       0 |      90 |   0.0 |       0 |       9 |   0.0 |   171
               +---------+---------+-------+---------+---------+-------+---------
             D |       0 |      90 |   0.0 |       0 |       9 |   0.0 |   171
               +---------+---------+-------+---------+---------+-------+---------
